 Dungeon Crawl Stone Soup version 0.27.0-1-g7a089689b8 (webtiles) character file.

Game seed: 18154956170920526941

4920 mandarbmax the Covert (level 10, -13/64 HPs)
             Began as a Kobold Brigand on Aug 2, 2021.
             Was a Follower of Wu Jian.
             Mangled by a wolf spider simulacrum (24 damage)
             ... on level 1 of the Abyss.
             The game lasted 00:21:52 (11692 turns).

mandarbmax the Covert (Kobold Brigand)             Turns: 11692, Time: 00:21:52

Health: -13/64     AC: 11    Str: 15      XL:     10   Next: 81%
Magic:  10/10      EV: 16    Int: 11 (13) God:    Wu Jian [*.....]
Gold:   483        SH:  0    Dex: 19      Spells: 9/9 levels left

rFire    . . .     SeeInvis +   l - +5 short sword
rCold    . . .     Faith    .   (shield restricted)
rNeg     . . .     Spirit   .   n - +3 scale mail {rPois}
rPois    +         Reflect  .   (no helmet)
rElec    .         Harm     .   c - +0 cloak
rCorr    .         Rampage  .   (no gloves)
Will     .....                  r - +0 pair of boots
Stlth    +++++.....             (no amulet)
HPRegen  0.20/turn              q - +6 ring of strength
MPRegen  0.12/turn              A - ring of see invisible

@: no status effects
A: small, no large weapons, nightstalker 3
a: Renounce Religion


You were on level 1 of the Abyss.
You worshipped Wu Jian.
Wu Jian was aware of your devotion.
You visited 2 branches of the dungeon, and saw 11 of its levels.
You visited the Abyss 1 time.

You collected 483 gold pieces.

Inventory:

Hand Weapons
 l - a +5 short sword (weapon)
Missiles
 d - 50 poisoned darts (quivered)
 g - 4 throwing nets
Armour
 c - a +0 cloak (worn)
 n - a +3 scale mail of poison resistance (worn)
 r - a +0 pair of boots (worn)
Jewellery
 q - a +6 ring of strength (left hand)
 A - a ring of see invisible (right hand)
Wands
 o - a wand of flame (20)
 y - a wand of paralysis (16)
 z - a wand of iceblast (14)
 C - a wand of digging (3)
Scrolls
 b - a scroll of fog {unknown}
 e - a scroll of magic mapping
 f - 2 scrolls of amnesia
 h - a scroll of brand weapon {unknown}
 k - a scroll of fear
 s - a scroll of blinking {unknown}
 t - a scroll of immolation
 v - 4 scrolls of enchant weapon
 w - 2 scrolls of teleportation {unknown}
Potions
 a - 2 potions of attraction
 i - 2 potions of invisibility
 j - 3 potions of curing
 m - 2 potions of mutation
 p - 4 potions of haste
 u - a potion of magic
 x - 2 potions of might
 B - a potion of brilliance
 D - a potion of heal wounds


   Skills:
 + Level 8.3 Fighting
 + Level 11.1 Short Blades
 - Level 2.1 Throwing
 + Level 8.8 Dodging
 + Level 11.5 Stealth


You had 9 spell levels left.
You didn't know any spells.
Your spell library contained the following spells:

 Spells                   Type           Power      Damage    Failure   Level
 Animate Skeleton         Necr           0%         N/A       83%         1
 Apportation              Tloc           0%         N/A       83%         1
 Corona                   Hex            0%         N/A       83%         1
 Summon Small Mammal      Summ           0%         N/A       83%         1
 Blink                    Tloc           N/A        N/A       92%         2
 Static Discharge         Conj/Air       0%         N/A       92%         2
 Dispel Undead            Necr           0%         3d6       100%        4
 Sticky Flame             Conj/Fire      0%         2d3       100%        4
 Lightning Bolt           Conj/Air       0%         1d11      100%        5
 Manifold Assault         Tloc           0%         N/A       100%        5
 Storm Form               Tmut/Air       0%         N/A       100%        7
 Maxwell's Capacitive Co  Air            0%         ∞         100%        8


Dungeon Overview and Level Annotations

Branches:
Dungeon (10/15)            Temple (1/1) D:5
   Lair: D:8-11         Orc: D:9-12

Altars:
Ashenzari
Dithmenos
Elyvilon
Gozag
Hepliaklqana
Makhleb
Nemelex Xobeh
Okawaru
Qazlal
Ru
Sif Muna
Trog
Uskayaw
Wu Jian
Xom
Yredelemnul
The Shining One
Lugonu

Annotations:
D:9 Erolcha


Innate Abilities, Weirdness & Mutations

You are small and have problems with some larger weapons.
You are completely attuned to the shadows.


Message History

There is an open door here.
Found a scroll labelled PIT DUVIKLUTO.
Found a gateway leading deeper into the Abyss.
As you open the door, it creaks loudly!
There is a gateway leading deeper into the Abyss here.
w - 2 scrolls labelled PIT DUVIKLUTO (gained 1)
Found a flail.
Found a hand axe.
You see here a +0 hand axe.
Found a potion of curing.
j - 3 potions of curing (gained 1)
Found a robe.
A wolf spider simulacrum comes into view.
Found a shortbow.
A small abomination comes into view.
Unknown command.
You lunge at the wolf spider simulacrum, in a flurry of attacks.
You puncture the wolf spider simulacrum!
The wolf spider simulacrum is moderately damaged.
You puncture the wolf spider simulacrum!
The wolf spider simulacrum is severely damaged.
The wolf spider simulacrum closely misses you. x2
Unknown command.
You lunge at the small abomination, in a flurry of attacks.
You hit the small abomination.
The small abomination is lightly damaged.
You closely miss the small abomination.
The small abomination is lightly damaged.
You spin and attack the wolf spider simulacrum repeatedly.
You hit the wolf spider simulacrum.
The wolf spider simulacrum is severely damaged.
You hit the wolf spider simulacrum.
The wolf spider simulacrum is almost destroyed.
The small abomination misses you. The wolf spider simulacrum misses you.
The wolf spider simulacrum bites you.
The wolf spider simulacrum freezes you!!
The small abomination hits you. The wolf spider simulacrum hits you!
* * * LOW HITPOINT WARNING * * *
The wolf spider simulacrum freezes you!!
You die...

#. .# ###.
.######.x###
#.#....#@Z.# .
#...###..##.#
......#.#...# #
...##.....#..
..##...##..#..#.
##......#.)..#.
#....###.####.
...#..####.. ##
#......#


You could see a small abomination and a wolf spider simulacrum.

Vanquished Creatures
  Pikel (D:4)
  A troll (D:8)
  Sigmund (D:3)
  3 yaks (D:8)
  A wyvern (D:8)
  2 steam dragons
  A water moccasin (D:7)
  3 sky beasts
  An orc warrior (D:5)
  3 black bears
  2 ice beasts (D:7)
  5 ogres
  3 centaurs
  A phantom (D:7)
  A bullfrog (D:6)
  A kobold brigand (D:7)
  A wyvern zombie (D:4)
  3 gnoll sergeants
  3 scorpions (D:6)
  2 wyvern skeletons (D:7)
  3 wights (D:9)
  A bullfrog zombie (D:6)
  A hound (D:4)
  A centaur zombie (D:8)
  A jelly (D:8)
  Crazy Yiuf (D:4)
  2 centaur skeletons
  A bullfrog skeleton (D:6)
  Terence (D:3)
  2 iguanas
  Natasha (thrice) (D:3)
  3 orc wizards
  A scorpion zombie (D:5)
  A killer bee zombie (D:9)
  A hound zombie (D:5)
  A howler monkey zombie (D:8)
  17 gnolls
  4 adders
  2 shadow imps (D:6)
  2 white imps
  3 dart slugs
  12 orcs
  9 ball pythons
  5 endoplasms
  A giant cockroach (D:1)
  5 hobgoblins
  3 jackals (D:3)
  7 kobolds
  3 quokkas
  5 bats
  2 frilled lizards (D:2)
  3 goblins
  8 rats
154 creatures vanquished.

Vanquished Creatures (others)
  2 gnolls (D:7)
  2 plants (D:3)
  5 toadstools (D:1)
9 creatures vanquished.

Grand Total: 163 creatures vanquished

Notes
Turn   | Place    | Note
-------+----------+-------------------------------------------
     0 | D:1      | mandarbmax the Kobold Brigand began the quest for the Orb.
     0 | D:1      | Reached XP level 1. HP: 12/12 MP: 1/1
   241 | D:1      | Reached XP level 2. HP: 17/17 MP: 2/2
   709 | D:1      | Reached XP level 3. HP: 15/21 MP: 3/3
  1227 | D:2      | Found a hide-covered altar of Uskayaw.
  2187 | D:3      | Reached skill level 5 in Short Blades
  2193 | D:3      | Noticed Terence
  2197 | D:3      | Killed Terence
  2198 | D:3      | Reached XP level 4. HP: 26/26 MP: 4/4
  2450 | D:3      | Noticed Sigmund
  2468 | D:3      | Killed Sigmund
  2469 | D:3      | Reached XP level 5. HP: 3/30 MP: 5/5
  2469 | D:3      | Reached XP level 6. HP: 3/35 MP: 6/6
  2855 | D:3      | Noticed Natasha
  2907 | D:3      | Killed Natasha
  3121 | D:3      | Found a shadowy altar of Dithmenos.
  3628 | D:3      | Found a faded altar of an unknown god.
  3683 | D:3      | Noticed Natasha
  3701 | D:3      | Killed Natasha
  3811 | D:3      | Noticed Natasha
  3814 | D:3      | Killed Natasha
  4035 | D:4      | Found a runed translucent door.
  4038 | D:4      | Noticed Crazy Yiuf
  4060 | D:4      | Killed Crazy Yiuf
  4061 | D:4      | Reached XP level 7. HP: 8/39 MP: 7/7
  4839 | D:4      | Found a hide-covered altar of Uskayaw.
  5426 | D:4      | Noticed Pikel
  5441 | D:4      | Killed Pikel
  5442 | D:4      | Reached skill level 5 in Fighting
  5442 | D:4      | Reached skill level 5 in Dodging
  5442 | D:4      | Reached XP level 8. HP: 49/49 MP: 8/8
  6029 | D:5      | Entered Level 5 of the Dungeon
  6067 | D:5      | Reached XP level 9. HP: 27/55 MP: 9/9
  6397 | D:5      | Found an opulent altar of Gozag.
  6397 | D:5      | Found a sparkling altar of Nemelex Xobeh.
  6522 | D:5      | Found a staircase to the Ecumenical Temple.
  6539 | Temple   | Entered the Ecumenical Temple
  6570 | Temple   | Became a worshipper of the Wu Jian Council
  6724 | D:5      | Found a shimmering blue altar of Sif Muna.
  7727 | D:6      | Found a faded altar of an unknown god.
  7730 | D:6      | Found a hazy altar of Hepliaklqana.
  8189 | D:7      | Reached skill level 10 in Stealth
  8294 | D:7      | Reached skill level 10 in Short Blades
  8331 | D:7      | Reached XP level 10. HP: 8/63 MP: 10/10
  9540 | D:7      | Reached * piety under Wu Jian
 10262 | D:8      | Found a basalt altar of Yredelemnul.
 11538 | D:9      | You fall into a shaft and drop 1 floor!
 11538 | D:10     | Entered Level 10 of the Dungeon
 11609 | D:9      | Found a sacrificial altar of Ru.
 11620 | D:9      | Noticed Erolcha
 11623 | D:9      | Cast into level 1 of the Abyss (Erolcha)
 11692 | Abyss:1  | Mangled by a wolf spider simulacrum

Illustrated notes

Levels and vault maps discovered:
D:1:      ldierk_walled_garden, layout_loops_ring, kennysheep_crisscross
D:2:      layout_loops_corners, basic_altar, kennysheep_path_1
D:3:      wad_lake_hut, layout_basic, lemuel_crystal_altar,
          shapermc_ecumenical_altar_hornbeckon, uniq_sigmund, uniq_terence,
          uniq_natasha
D:4:      layout_gridville, lemuel_crystal_altar, kennysheep_another_room,
          uniq_pikel, uniq_crazy_yiuf_cottage
D:5:      layout_basic, grunt_temple_overflow_opulence,
          mainiacjoe_overflow_alcove_2, minmay_temple_entry_ruins,
          minmay_misc_feat_ornament, hangedman_decor_diamond_cutter
D:6:      layout_basic, beargit_hepliaklqana_dungeon_heroes
D:7:      layout_loops_corners
D:8:      layout_basic, amcnicky_altar_gilded
D:9:      kennysheep_blocky_room, layout_layer_cave, vehumet_statue,
          mainiacjoe_overflow_24_doors, uniq_erolcha
D:10:     layout_irregular_city, old_standard_altar,
          grunt_temple_overflow_diamond, lair_entry_dummy, orc_david_3,
          uniq_maurice
Temple:   corrupted_temple
Abyss:1:  base:
D:8

Skill      XL: |  1  2  3  4  5  6  7  8  9 10 |
---------------+-------------------------------+-----
Short Blades   | 3 4 5 8 10 11 | 11.1
Dodging        | 2 5 7 8 |  8.8
Fighting       | 5 7 8 |  8.3
Stealth        | 8 10 11 | 11.5
Throwing       | |  2.1

Action                   |  1- 3 |  4- 6 |  7- 9 | 10-12 || total
-------------------------+-------+-------+-------+-------++-------
Melee: Dagger            |   105 |   105 |    76 |       ||   286
       Short sword       |       |       |   121 |   169 ||   290
Throw: Dart              |       |    21 |    40 |     4 ||    65
Invok: Lunge             |       |       |    23 |    33 ||    56
       Whirlwind         |       |       |       |     8 ||     8
Evoke: Wand              |       |       |       |     5 ||     5
  Use: Scroll            |       |       |     6 |     6 ||    12
       Potion            |       |       |     4 |       ||     4
 Stab: Sleeping          |    15 |     3 |    21 |    23 ||    62
       Distracted        |     1 |       |     5 |     1 ||     7
       Invisible         |       |       |     1 |       ||     1
       Paralysed         |       |       |       |     1 ||     1
Armor: Robe              |    23 |       |       |       ||    23
       Scale mail        |       |    41 |    47 |    30 ||   118
Dodge: Dodged            |    68 |    60 |    91 |    85 ||   304
